 Dungeon Crawl Stone Soup version 0.29.1-14-g9c671dbff4 (webtiles) character file.

Game seed: 10867836211074094163

346 bnorton916 the Magician (level 6, 0/32 HPs)
             Began as a Deep Elf Fire Elementalist on Feb 12, 2023.
             Slain by Pikel (4 damage)
             ... on level 3 of the Dungeon.
             The game lasted 00:05:34 (4032 turns).

bnorton916 the Magician (DEFE)                      Turns: 4032, Time: 00:05:35

Health: 0/32       AC:  4    Str:  5    XL:     6   Next: 32%
Magic:  2/15       EV: 12    Int: 28    God:
Gold:   161        SH:  0    Dex: 15    Spells: 6/15 levels left

rFire   . . .      SeeInvis .   (no weapon)
rCold   . . .      Faith    .   (no shield)
rNeg    . . .      Spirit   .   a - +1 robe
rPois   .          Reflect  .   h - +0 helmet
rElec   .          Harm     .   (no cloak)
rCorr   .          Rampage  .   (no gloves)
Will    .....                   (no boots)
Stlth   ++........              (no amulet)
HPRegen 0.10/turn               f - +6 ring of intelligence
MPRegen 0.14/turn               (no ring)

@: no status effects
A: no striking features
a: no special abilities


You were on level 3 of the Dungeon.
You visited 1 branch of the dungeon, and saw 4 of its levels.

You collected 161 gold pieces.

Inventory:

Missiles
 j - 7 poisoned darts
 k - 4 boomerangs of dispersal
 q - 4 atropa-tipped darts
Armour
 a - a +1 robe (worn)
 h - a +0 helmet (worn)
 p - a +2 ring mail of cold resistance
Jewellery
 f - a +6 ring of intelligence (left hand)
Wands
 c - a wand of roots (11)
 e - a wand of flame (26)
Scrolls
 n - a scroll of brand weapon
 o - a scroll of fog
 r - a scroll of poison
 s - a scroll of enchant armour
Potions
 b - a potion of magic
 d - 2 potions of curing
 g - 3 potions of heal wounds
 i - a potion of flight
 l - 2 potions of mutation {unknown}
 m - a potion of cancellation {unknown}


   Skills:
 - Level 2.4 Dodging
 - Level 2.4 Stealth
 + Level 5.2 Spellcasting
 + Level 3.6 Conjurations
 + Level 3.5 Hexes
 + Level 4.9 Fire Magic


You had 6 spell levels left.
You knew the following spells:

 Your Spells              Type           Power      Damage    Failure   Level
a - Foxfire               Conj/Fire      100%       2x1d9     1%          1
b - Scorch                Fire           70%        2d8       1%          2
c - Conjure Flame         Conj/Fire      31%        6-21      3%          3
d - Tukima's Dance        Hex            27%        N/A       4%          3

Your spell library contained the following spells:

 Spells                   Type           Power      Damage    Failure   Level
 Inner Flame              Hex/Fire       31%        N/A       3%          3
 Sandblast                Erth           14%        2d6       7%          1
 Passwall                 Tmut/Erth      5%         N/A       10%         2
 Stone Arrow              Conj/Erth      34%        3d9       10%         3
 Flame Wave               Conj/Fire      31%        2d9       11%         4
 Passage of Golubria      Tloc           7%         N/A       54%         4
 Yara's Violent Unravell  Hex/Tmut       8%         3d5       65%         5


Dungeon Overview and Level Annotations

Branches:
Dungeon (4/15)
 Temple: D:4-7

Altars:
Ashenzari

Annotations:
D:3 1 runed translucent door, Pikel; xian's ghost, amateur DsAE


Message History

The lemure closely misses you. Pikel closely misses you.
Unknown command.
Casting: Scorch (safe; 1% risk of failure)
Confirm with . or Enter, or press ? or * to list all spells.
You don't have enough magic to cast this spell.
Unknown command.
The lemure hits you. x2; Pikel hits you.
You climb upwards.
Level annotation: 1 runed translucent door, xian's ghost, amateur DsAE
There is a stone staircase leading down here.
Okay, then.
The lemure attacks as you move away! The lemure hits you but does no damage.
Pikel barely misses you. The lemure attacks as you move away!
The lemure hits you. Pikel attacks as you move away! Pikel hits you!
The lemure completely misses you.
The lemure is no longer more vulnerable to fire.
You see here 7 stones.
Okay, then.
Pikel says, "You'll feel the lick of my whip!"
Pikel attacks as you move away! Pikel hits you but does no damage.
Casting: Scorch (safe; 1% risk of failure)
Confirm with . or Enter, or press ? or * to list all spells.
Flames lash the lemure.
The lemure is severely wounded.
The lemure's fire resistance burns away.
Pikel is no longer more vulnerable to fire.
Pikel barely misses you. Pikel barely misses you.
The lemure is no longer more vulnerable to fire.
Pikel attacks as you move away! Pikel hits you but does no damage.
Pikel attacks as you move away! Pikel barely misses you.
Pikel attacks as you move away! Pikel hits you. Pikel attacks as you move away!
Pikel hits you!
* * * LOW HITPOINT WARNING * * *
Pikel says, "You'll make a fine lemure."
There is a stone staircase leading down here.
You can't go up here!
Pikel hits you.
You die...

############
#..........###########
#.###................####
).# #.########.##....5..#
#.###.## #.##5#####.#
..##...#######.##.# #.#
...>..........).5.# #.#
#.##...#######.#K.# #5#
#.###.########.#@.#####.#
#.# #..........#....(...#
#.# ############..#######
..# #..# #.# #..# #.#
#..# #.##############..#
..................#
..##############..#


You could see Pikel and 2 lemures.

Vanquished Creatures
  Sigmund (D:3)
  2 orc priests (D:3)
  Ijyb (D:3)
  An orc wizard (D:3)
  An adder (D:3)
  4 dart slugs
  3 orcs (D:3)
  A bat (D:1)
  4 endoplasms
  8 hobgoblins
  8 kobolds
  6 quokkas
  6 ball pythons
  3 frilled lizards
  7 goblins
  2 rats (D:3)
58 creatures vanquished.

Vanquished Creatures (others)
  A dancing weapon (D:4)
  272 foxfires
273 creatures vanquished.

Grand Total: 331 creatures vanquished

Notes
Turn   | Place    | Note
-------+----------+-------------------------------------------
     0 | D:1      | bnorton916 the Deep Elf Fire Elementalist began the quest
                  | for the Orb.
     0 | D:1      | Reached XP level 1. HP: 10/10 MP: 6/6
   316 | D:1      | Reached XP level 2. HP: 9/15 MP: 2/8
  1121 | D:1      | Found a faded altar of an unknown god.
  1389 | D:2      | Reached XP level 3. HP: 19/19 MP: 6/10
  1454 | D:2      | Learned a level 2 spell: Scorch
  1466 | D:2      | Learned a level 3 spell: Conjure Flame
  1470 | D:2      | Learned a level 3 spell: Tukima's Dance
  1548 | D:2      | Reached skill level 1 in Hexes
  2238 | D:3      | Noticed Sigmund
  2680 | D:3      | Reached skill level 4 in Spellcasting
  2680 | D:3      | Reached XP level 4. HP: 13/24 MP: 6/12
  2874 | D:3      | Reached XP level 5. HP: 13/28 MP: 8/13
  3155 | D:3      | Found a runed translucent door.
  3156 | D:3      | Noticed xian's ghost (amateur DsAE)
  3180 | D:3      | Killed Sigmund
  3181 | D:3      | Reached skill level 5 in Spellcasting
  3181 | D:3      | Reached XP level 6. HP: 32/32 MP: 10/15
  3368 | D:3      | Found a broken altar of Ashenzari.
  3550 | D:3      | Noticed Ijyb
  3564 | D:3      | Killed Ijyb
  3968 | D:4      | Noticed Pikel
  4032 | D:3      | Slain by Pikel

Illustrated notes

Levels and vault maps discovered:
D:1:      tarquinn_simple_flora_water_d, layout_rooms, serial_forest,
          infiniplex_forest_lined_2, infiniplex_forest_lined_2,
          infiniplex_forest_straight_2, infiniplex_forest_straight_3,
          infiniplex_forest_end_1,
          hellmonk_ecumenical_altar_pennies_from_heaven,
          chequers_serial_rivers_small_3
D:2:      layout_basic, minmay_cut_off
D:3:      layout_loops_ring, cheibrodos_ashenzari_chains,
          ebering_ghost_inner_flame, uniq_ijyb, uniq_sigmund
D:4:      layout_cave_pods, uniq_pikel, uniq_crazy_yiuf_cottage

Skill      XL: |  1  2  3  4  5 |
---------------+----------------+-----
Conjurations   | 2 3 |  3.6
Hexes          | 1 2 3 |  3.5
Fire Magic     | 4 |  4.9
Spellcasting   | 4 5 |  5.2
Dodging        | |  2.4
Stealth        | |  2.4

Action                   |  1- 3 |  4- 6 || total
-------------------------+-------+-------++-------
Melee: Unarmed           |     1 |       ||     1
 Cast: Foxfire           |   133 |    31 ||   164
       Scorch            |     2 |    18 ||    20
       Tukima's Dance    |       |     1 ||     1
  Use: Potion            |     2 |     1 ||     3
       Scroll            |       |     7 ||     7
Armor: Robe              |     1 |     9 ||    10
Dodge: Dodged            |    13 |    17 ||    30
